 Dungeon Crawl Stone Soup version 0.21.3-3-g218456f21e (console) character file.

739 spaceenotik the Cudgeler (level 7, -5/105 HPs)
             Began as a Troll Berserker on Dec 20, 2021.
             Was a Follower of Trog.
             Slain by a two-headed ogre
             ... wielding a +0 giant club
              (10 damage)
             ... on level 5 of the Dungeon.
             The game lasted 00:13:09 (3610 turns).

spaceenotik the Cudgeler (Troll Berserker)          Turns: 3610, Time: 00:13:10

Health: -5/105     AC:  5    Str: 32    XL:     7   Next: 46%
Magic:  6/6        EV: 11    Int:  4    God:    Trog [*.....]
Gold:   133        SH:  0    Dex:  9    Spells: 6/6 levels left

rFire    . . .     SeeInvis .   a - +0 mace
rCold    . . .     Gourm    +   (no shield)
rNeg     . . .     Faith    .   b - +0 animal skin
rPois    .         Spirit   .   (helmet restricted)
rElec    .         Reflect  .   (no cloak)
rCorr    .         Harm     .   (gloves unavailable)
MR       .....                  (boots unavailable)
Stlth    ..........             (no amulet)
HPRegen  0.67/turn              (no ring)
MPRegen  0.10/turn              (no ring)

@: berserking, very quick
A: large, unfitting armour, claws 3, fast metabolism 3, gourmand, regeneration
1, shaggy fur 1, tough skin 2
a: Berserk, Burn Spellbooks, Renounce Religion


You were on level 5 of the Dungeon.
You worshipped Trog.
Trog was aware of your devotion.
You were not hungry.

You visited 2 branches of the dungeon, and saw 6 of its levels.

You collected 133 gold pieces.

Inventory:

Hand Weapons
 a - a +0 mace (weapon)
 m - a +0 club
Missiles
 t - 7 tomahawks (quivered)
Armour
 b - a +0 animal skin (worn)
 v - a +0 robe
Jewellery
 k - an uncursed amulet of guardian spirit
 x - an uncursed amulet of faith
Scrolls
 d - 4 scrolls of remove curse {unknown}
 g - a scroll of fog {unknown}
 h - a scroll of noise {unknown}
 j - a scroll of magic mapping {unknown}
 l - a scroll of fear {unknown}
 n - 2 scrolls of immolation {unknown}
 p - 2 scrolls of identify {unknown}
 s - a scroll of teleportation {unknown}
Potions
 e - a potion of ambrosia
 f - a potion of haste
 i - a potion of resistance {unknown}
 o - a potion of might {unknown}
 q - 5 potions of heal wounds {unknown}
 r - 2 potions of curing {unknown}
 u - a potion of berserk rage {unknown}
 w - a potion of flight {unknown}
 z - a potion of lignification {unknown}
Comestibles
 c - 8 rations


   Skills:
 + Level 4.0 Fighting
 + Level 5.6 Maces & Flails
 + Level 4.5 Dodging
 + Level 0.9 Stealth


You had 6 spell levels left.
You didn't know any spells.

Dungeon Overview and Level Annotations

Branches:
Dungeon (5/15)             Temple (1/1) D:4

Altars:
Ashenzari
Cheibriados
Dithmenos
Elyvilon
Fedhas
Gozag
Kikubaaqudgha
Makhleb
Nemelex Xobeh
Okawaru
Ru
Sif Muna
Trog
Wu Jian
Xom
Yredelemnul
The Shining One


Innate Abilities, Weirdness & Mutations

You are too large for most types of armour.
You have claws for hands.
Your metabolism is lightning-fast.
You like to eat raw meat.
Your natural rate of healing is unusually fast.
You are covered in fur. (AC +1)
You have very tough skin. (AC +2)


Message History

The giant cockroach bites you but does no damage.
The giant cockroach barely misses you.
The leopard gecko hisses menacingly.
You sock the two-headed ogre!
The two-headed ogre is severely wounded.
The giant cockroach bites you but does no damage.
The two-headed ogre hits you with a giant club!
The two-headed ogre hits you with a giant club!!
* * * LOW HITPOINT WARNING * * *
The giant cockroach barely misses you.
You sock the two-headed ogre!
The two-headed ogre is severely wounded.
The giant cockroach bites you but does no damage.
The giant cockroach barely misses you.
You hit the two-headed ogre.
The two-headed ogre is almost dead.
The two-headed ogre hits you with a giant club!
* * * LOW HITPOINT WARNING * * *
The two-headed ogre hits you with a giant club!
You die...

#.# ..##. .. .... #.#
...# ## .. ... ..#
###.#..##..#
..$l......
######ss#..####
.......@.......
......O....####
################.#..#
#......(............#
#.##############...##
#...#....# ##..#
###.##.#.# .>#
#......# #########
####.######.......#
#.###..........#
#..............#


You could see a two-headed ogre, a leopard gecko and 2 giant cockroaches.

Vanquished Creatures
  The ghost of spaceenotik the Cudgeler, an amateur TrBe of Trog (D:4)
  An ice beast (D:3)
  A hound (D:4)
  A centaur skeleton (D:4)
  2 orc priests
  2 orc wizards
  Jessica (D:3)
  A worker ant (D:5)
  8 adders
  5 oozes
  An adder skeleton (D:3)
  2 worms (D:3)
  2 dart slugs
  3 leopard geckos
  14 orcs
  6 bats
  A giant cockroach (D:4)
  8 goblins
  8 hobgoblins
  A quokka (D:4)
  3 frilled lizards
  11 kobolds
  8 rats
91 creatures vanquished.

Notes
Turn   | Place    | Note
-------+----------+-------------------------------------------
     0 | D:1      | spaceenotik the Troll Berserker began the quest for the Orb.
     0 | D:1      | Reached XP level 1. HP: 22/22 MP: 0/0
   132 | D:1      | Reached XP level 2. HP: 29/29 MP: 1/1
   334 | D:1      | Reached skill level 3 in Maces & Flails
   887 | D:2      | Reached XP level 3. HP: 21/36 MP: 2/2
  1101 | D:2      | Reached ** piety under Trog
  1157 | D:2      | Reached XP level 4. HP: 37/45 MP: 3/3
  1308 | D:2      | Found an iron altar of Okawaru.
  1779 | D:3      | Noticed an ice beast
  1792 | D:3      | Killed an ice beast
  1792 | D:3      | Reached skill level 4 in Maces & Flails
  1792 | D:3      | Reached XP level 5. HP: 53/53 MP: 2/4
  1961 | D:3      | Noticed Jessica
  1968 | D:3      | Killed Jessica
  2075 | D:3      | Reached XP level 6. HP: 61/61 MP: 3/5
  2215 | D:3      | Found a faded altar of an unknown god.
  2473 | D:4      | Noticed spaceenotik's ghost (amateur TrBe)
  2857 | D:4      | Found an ornate altar of the Wu Jian Council.
  2975 | D:4      | Found a staircase to the Ecumenical Temple.
  2993 | D:4      | Killed spaceenotik's ghost
  2993 | D:4      | Reached skill level 5 in Maces & Flails
  2993 | D:4      | Reached XP level 7. HP: 51/68 MP: 2/6
  3003 | Temple   | Entered the Ecumenical Temple
  3508 | D:5      | Entered Level 5 of the Dungeon
  3601 | D:5      | Noticed a two-headed ogre
  3610 | D:5      | HP: 5/105 [two-headed ogre/giant club (9)]
  3610 | D:5      | Slain by a two-headed ogre

Skill      XL: |  1  2  3  4  5  6  7 |
---------------+----------------------+-----
Maces & Flails | 3 4 5 |  5.6
Dodging        | 3 4 |  4.5
Fighting       | 3 4 |  4.0
Stealth        | |  0.9

Action                   |  1- 3 |  4- 6 |  7- 9 || total
-------------------------+-------+-------+-------++-------
Melee: Mace              |   108 |   185 |    20 ||   313
Invok: Berserk           |     7 |    12 |     3 ||    22
       Trog's Hand       |       |     7 |       ||     7
  Use: Potion            |       |     3 |       ||     3
 Stab: Sleeping          |       |     1 |       ||     1
  Eat: Chunk             |    20 |    30 |     4 ||    54
Armor: Animal skin       |    36 |    85 |     7 ||   128
Dodge: Dodged            |    53 |   198 |    13 ||   264
